 Dungeon Crawl Stone Soup version 0.24.0-123-gd5b16e6ec5 (webtiles) character file.

Game seed: 13976251358480348732, levelgen mode: deterministic

459 Johnny the Poker (level 6, 0/50 HPs)
             Began as a Demigod Gladiator on Jan 22, 2020.
             Succumbed to a scorpion's poison
             ... on level 5 of the Dungeon.
             The game lasted 00:04:21 (3248 turns).

Johnny the Poker (Demigod Gladiator)                Turns: 3248, Time: 00:04:21

Health: 0/50       AC:  8    Str: 19 (21) XL:     6   Next: 48%
Magic:  8/8        EV: 12    Int: 16 (17) God:
Gold:   216        SH:  0    Dex: 15 (17) Spells: 5/5 levels left

rFire    . . .     SeeInvis .   s - +0 glaive
rCold    . . .     Gourm    .   (shield currently unavailable)
rNeg     . . .     Faith    .   g - +0 ring mail
rPois    .         Spirit   .   c - +1 helmet
rElec    .         Reflect  .   m - +0 cloak
rCorr    .         Harm     .   (no gloves)
MR       +....                  (no boots)
Stlth    ..........             (no amulet)
HPRegen  0.16/turn              w - ring of attention (curse)
MPRegen  0.11/turn              j - ring of protection from magic

@: brilliant, lethally poisoned (0 -> -7)
A: high mp 1
a: no special abilities


You were on level 5 of the Dungeon.
You were not hungry.

You visited 1 branch of the dungeon, and saw 5 of its levels.

You collected 216 gold pieces.

Inventory:

Hand Weapons
 a - a +0 trident
 s - a +0 glaive (weapon)
Armour
 c - a +1 helmet (worn)
 g - a +0 ring mail (worn)
 m - a +0 cloak (worn)
Jewellery
 j - a ring of protection from magic (right hand)
 r - an uncursed ring of protection from magic
 w - a cursed ring of attention (left hand)
Scrolls
 b - 2 scrolls of teleportation
 e - 2 scrolls of remove curse
 h - a scroll of fear
 p - a scroll of amnesia {unknown}
 q - a scroll of noise {unknown}
 u - a scroll of blinking {unknown}
 v - 3 scrolls of fog
Potions
 i - 2 potions of brilliance
 o - a potion of degeneration
Comestibles
 f - 8 rations


   Skills:
 - Level 2.9 Fighting
 * Level 6.6 Polearms
 - Level 1.7 Throwing
 - Level 2.6 Dodging


You had 5 spell levels left.
You didn't know any spells.
Your spell library was empty.

Dungeon Overview and Level Annotations

Branches:
Dungeon (5/15)
 Temple: D:4-7

Annotations:
D:4 Dowan, Duvessa


Innate Abilities, Weirdness & Mutations

You have an increased reservoir of magic. (+10% MP)


Message History

Press: ? - help, Shift-Dir - straight line, f/p - scorpion
Aim: a scorpion (severely wounded)
You throw a throwing net. The throwing net hits the scorpion.
The scorpion is caught in the net!
The scorpion is severely wounded.
* * * LOW HITPOINT WARNING * * *
You feel sick.
The scorpion struggles against the net.
Unknown command.
It was a potion of brilliance.
You feel clever all of a sudden.
* * * LOW HITPOINT WARNING * * *
You feel sick.
The scorpion struggles against the net.
Unknown command.
Unknown command.
You slash the scorpion!
You kill the scorpion!
* * * LOW HITPOINT WARNING * * *
You feel sick.
There is a lethal amount of poison in your body!
You die...

#...####.. #....$...
#.......# #.......#
#.......# #.......##
#......(.#
#.....†..#############
#####@##.......#.....#
#.###.............
#.##...)..........
#########..#..............
#...(.....................
#................s........
#.........................
#......>..................
#......<..................


There were no monsters in sight!

Vanquished Creatures
  An ogre (D:5)
  A scorpion (D:5)
  A hound (D:4)
  A jelly (D:5)
  2 centaur skeletons (D:5)
  2 worker ants
  A worker ant zombie (D:5)
  5 adders
  4 oozes
  A worm (D:2)
  A dart slug (D:1)
  4 leopard geckos
  2 orcs
  11 bats
  3 giant cockroaches
  7 goblins
  7 hobgoblins
  5 jackals
  11 kobolds
  A quokka (D:3)
  3 ball pythons
  6 frilled lizards
  A giant cockroach zombie (D:5)
  A quokka skeleton (D:4)
  5 rats
87 creatures vanquished.

Notes
Turn   | Place    | Note
-------+----------+-------------------------------------------
     0 | D:1      | Johnny the Demigod Gladiator began the quest for the Orb.
     0 | D:1      | Reached XP level 1. HP: 17/17 MP: 3/3
    46 | D:1      | Reached skill level 3 in Polearms
   104 | D:1      | Reached XP level 2. HP: 10/24 MP: 4/4
   501 | D:1      | Reached XP level 3. HP: 17/30 MP: 5/5
  1082 | D:2      | Reached skill level 4 in Polearms
  1226 | D:2      | Reached XP level 4. HP: 35/37 MP: 6/6
  2353 | D:4      | Reached XP level 5. HP: 44/44 MP: 7/7
  2402 | D:4      | Reached skill level 5 in Polearms
  2462 | D:4      | Noticed an ogre
  2637 | D:5      | Entered Level 5 of the Dungeon
  2987 | D:5      | Noticed an ogre
  2995 | D:5      | Killed an ogre
  2995 | D:5      | Reached skill level 6 in Polearms
  2995 | D:5      | Reached XP level 6. HP: 26/50 MP: 8/8
  3142 | D:5      | Found a burning altar of Makhleb.
  3230 | D:4      | Noticed Dowan
  3230 | D:4      | Noticed Duvessa
  3247 | D:5      | HP: 1/50 [poisoned by a scorpion]
  3248 | D:5      | Succumbed to a scorpion's poison

Levels and vault maps discovered:
D:1:      dpeg_arrival_erosion, layout_basic
D:2:      layout_basic, first_ration, nrook_mini_backslash
D:3:      layout_loops_ring
D:4:      kennysheep_slugbush, layout_basic, uniq_duvessa, uniq_eustachio
D:5:      layout_rooms, bloody_makhleb, eino_small_chamber_without_monster

Skill      XL: |  1  2  3  4  5 |
---------------+----------------+-----
Polearms       | 3 4 6 |  6.6
Fighting       | 2 |  2.9
Throwing       | |  1.7
Dodging        | |  2.6

Action                   |  1- 3 |  4- 6 || total
-------------------------+-------+-------++-------
Melee: Trident           |   162 |    41 ||   203
       Glaive            |       |   122 ||   122
Throw: Throwing net      |       |     3 ||     3
  Use: Potion            |       |     7 ||     7
       Scroll            |       |     6 ||     6
 Stab: Sleeping          |     1 |       ||     1
       Held in net/web   |       |     2 ||     2
  Eat: Chunk             |     1 |     4 ||     5
       Ration            |       |     1 ||     1
Armor: Leather armour    |    24 |       ||    24
       Ring mail         |    25 |    92 ||   117
Dodge: Dodged            |   109 |   124 ||   233
